 Dungeon Crawl Stone Soup version 0.18.1-8-gdd0e5ea (webtiles) character file.

68 Aquadorian the Shield-Bearer (level 4, -3/40 HPs)
             Began as a Minotaur Fighter on May 29, 2016.
             Killed from afar by Sigmund (11 damage)
             ... with a puff of flame
             ... on level 2 of the Dungeon.
             The game lasted 00:17:33 (1207 turns).

Aquadorian the Shield-Bearer (Minotaur Fighter)     Turns: 1207, Time: 00:17:34

Health: -3/40      AC:  7    Str: 21    XL:     4   Next: 1%
Magic:  3/3        EV:  8    Int:  5    God:
Gold:   65         SH:  0    Dex: 10    Spells: 0 memorised, 3 levels left

rFire  . . .     SeeInvis .     a - +0 long sword
rCold  . . .     Gourm    .     b - +0 scale mail
rNeg   . . .     Faith    .     c - +0 shield
rPois  .         Spirit   .     (helmet restricted)
rElec  .         Dismiss  .     (no cloak)
rCorr  .         Reflect  .     (no gloves)
SustAt .         Harm     .     (no boots)
MR     .....                    (no amulet)
Stlth  ..........               (no ring)
                                (no ring)

@: confused, not resistant to hostile enchantments, extremely unstealthy
A: retaliatory headbutt, horns 2
a: no special abilities


You were on level 2 of the Dungeon.
You were not hungry.

You visited 1 branch of the dungeon, and saw 2 of its levels.

You collected 65 gold pieces.

Inventory:

Hand Weapons
 a - a +0 long sword (weapon)
 g - a +0 hunting sling
 m - a +0 dagger
 n - a +0 dagger
Missiles
 q - 18 sling bullets
 s - 29 stones (quivered)
Armour
 b - a +0 scale mail (worn)
 c - a +0 shield (worn)
 h - a +0 robe
Wands
 p - a wand of lightning (6/15)
Scrolls
 e - a scroll of enchant armour {unknown}
 i - 2 scrolls of identify {unknown}
 l - 2 scrolls of teleportation {unknown}
 r - a scroll of remove curse {unknown}
Potions
 d - 2 potions of might
 j - 2 potions of haste {unknown}
 k - a potion of invisibility {unknown}
 u - a potion of resistance {unknown}
Comestibles
 f - 3 bread rations
 o - 2 chunks of flesh
 t - 3 fruits


   Skills:
 + Level 4.2 Fighting
 + Level 2.8 Long Blades
 + Level 4.4 Armour
 + Level 0.9 Dodging
 + Level 4.4 Shields


You had 3 spell levels left.
You didn't know any spells.

Dungeon Overview and Level Annotations

Branches:
Dungeon (2/15)

Altars:
The Shining One

Annotations:
D:2 Sigmund


Innate Abilities, Weirdness & Mutations

You reflexively headbutt those who attack you in melee.
You have a pair of horns on your head.


Message History

The puff of flame hits you!
Press: ? - help, v - describe, . - travel The floor, spattered with blood.
You barely miss something. Your headbutt misses something.
Something hits you but does no damage.
You miss something. Something hits you!
You miss something. Your headbutt misses something. You barely miss something.
Something hits you but does no damage. Something hits you!
* * * LOW HITPOINT WARNING * * *
You hear some strange, mumbled words.
You are confused.
A magic dart appears from out of thin air!
The magic dart hits you!
* * * LOW HITPOINT WARNING * * *
A puff of flame appears from out of thin air!
The puff of flame misses you.
A puff of flame appears from out of thin air!
The puff of flame hits you!
You die...

########## #....#
#<.......# #....#
########.########....######
#.......#>................
#.#######.##.###...######
##.###...#.##.###...##
#........'.##........##
######...#......###...###
###.......@# #.....#
#######..# #.....## #..#
##.....# #..# ##....# #..#
##...# #.{# ##..## ###..#
#...## #....# ##...# #....#
#..##


There were no monsters in sight!

Vanquished Creatures
  Terence (D:2)
  An adder (D:2)
  A worm (D:2)
  A giant gecko (D:1)
  8 bats
  2 giant cockroaches
  2 goblins (D:2)
  5 hobgoblins
  6 kobolds (D:1)
  3 giant newts
30 creatures vanquished.

Notes
Turn   | Place    | Note
--------------------------------------------------------------
     0 | D:1      | Aquadorian the Minotaur Fighter began the quest for the Orb.
     0 | D:1      | Reached XP level 1. HP: 19/19 MP: 0/0
   222 | D:1      | Reached XP level 2. HP: 27/27 MP: 1/1
   787 | D:2      | Reached XP level 3. HP: 30/33 MP: 2/2
   792 | D:2      | Noticed Terence
   815 | D:2      | Killed Terence
  1044 | D:2      | Found a glowing golden altar of the Shining One.
  1178 | D:2      | Noticed Sigmund
  1184 | D:2      | Reached XP level 4. HP: 37/40 MP: 3/3
  1207 | D:2      | Killed from afar by Sigmund

Skill      XL: |  1  2 |
---------------+-------+-----
Shields        | 4 |  4.4
Fighting       | 4 |  4.2
Armour         | 4 |  4.4
Long Blades    | |  2.8
Dodging        | |  0.9

Action                   |  1- 3 |  4- 6 || total
-------------------------+-------+-------++-------
Melee: Long sword        |    92 |    11 ||   103
       Headbutt          |    12 |     1 ||    13
  Eat: Chunk             |     1 |       ||     1
Armor: Scale mail        |    46 |     2 ||    48
Dodge: Dodged            |    29 |     1 ||    30
Block: Shield            |    48 |     3 ||    51
